 Dungeon Sprint DCSS version 0.30.1-4-g462c640d31 (webtiles) character file.

Game seed: 9323285695283422416

1920 Groucho the Grappler (level 8, -12/91 HPs)
             Began as a Troll Monk on Aug 11, 2023.
             Was a Believer of Qazlal.
             Mangled by an earth elemental (36 damage)
             ... in the Dungeon (Sprint III: "The Ten Rune Challenge").
             The game lasted 00:03:57 (1561 turns).

Groucho the Grappler (Troll Monk)                   Turns: 1561, Time: 00:03:57

Health: -12/91     AC:  6    Str: 20    XL:     8   Next: 96%
Magic:  9/9        EV: 13    Int:  6    God:    Qazlal [**....]
Gold:   31         SH:  2    Dex: 14    Spells: 7/7 levels left

rFire   . .          .
                       - Unarmed
rCold   . . .        c - orb {light}
rNeg    . . .        a - +0 robe
rPois   .            (helmet restricted)
rElec   .            k - +0 cloak
rCorr   .            (gloves unavailable)
SInv    .            (boots unavailable)
Will    .....        (no amulet)
Stlth   +            (no ring)
HPRegen 1.15/turn    (no ring)
MPRegen 0.11/turn

%: no teleportation
@: glowing
A: large, unfitting armour, claws 3, regeneration 1, shaggy fur 1, tough skin 1
a: Renounce Religion, Upheaval


You were in the Dungeon.
You worshipped Qazlal.
Qazlal was pleased with you.
You visited 1 branch You collected 31 gold pieces.

Inventory:

Armour
 a - a +0 robe (worn)
 c - an orb of light (worn)
 k - a +0 cloak (worn)
Scrolls
 i - a scroll of blinking
 j - 3 scrolls of identify {unknown}
 l - a scroll of immolation {unknown}
 n - a scroll of torment {unknown}
Potions
 b - a potion of ambrosia
 f - a potion of haste
 g - 2 potions of magic
 m - 4 potions of flight
 o - 5 potions of mutation


   Skills:
 + Level 8.8 Fighting
 + Level 8.3 Armour
 + Level 8.8 Dodging
 + Level 10.5 Unarmed Combat
 + Level 3.1 Invocations


You had 7 spell levels left.
You didn't know any spells.
Your spell library contained the following spells:

 Spells                   Type           Power      Damage    Failure   Level
 Summon Small Mammal      Summ           0%         N/A       45%         1
 Call Canine Familiar     Summ           0%         N/A       83%         3
 Summon Guardian Golem    Hex/Summ       0%         N/A       83%         3
 Olgreb's Toxic Radiance  Pois           0%         N/A       99%         4
 Discord                  Hex            0%         N/A       100%        8
 Ignition                 Fire           0%         3d3       100%        8


Dungeon Overview and Level Annotations

Branches:
Dungeon (1/1)

Altars:
Cheibriados
Dithmenos
Elyvilon
Fedhas
Gozag
Hepliaklqana
Kikubaaqudgha
Makhleb
Nemelex Xobeh
Okawaru
Qazlal
Ru
Sif Muna
Trog
Uskayaw
Vehumet
Wu Jian
Xom
Yredelemnul
Zin
The Shining One
Jiyva
Lugonu


Innate Abilities, Weirdness & Mutations

You are too large for most types of armour.
You have claws for hands.
Your natural rate of healing is unusually fast.
You are covered in fur. (AC +1)
You have tough skin. (AC +1)


Message History

Your Armour skill increases to level 8!
Your Unarmed Combat skill increases to level 10!
Your Invocations skill gained 3 levels and is now at level 3!
Unknown command.
Unknown command.
You start resting.
HP restored.
You start resting.
Magic restored.
You enter the shallow water.
You open the door.
An earth elemental comes into view.
There is an open door here.
The earth elemental hits you!
You claw the earth elemental!
The earth elemental is lightly damaged.
You scratch the earth elemental but do no damage.
The earth elemental is lightly damaged.
The earth elemental misses you.
You claw the earth elemental!
The earth elemental is moderately damaged.
You scratch the earth elemental but do no damage.
The earth elemental is moderately damaged.
The earth elemental hits you!!
You scratch the earth elemental.
The earth elemental is moderately damaged.
You scratch the earth elemental but do no damage.
The earth elemental is moderately damaged.
The earth elemental hits you!!
* * * LOW HITPOINT WARNING * * *
You claw the earth elemental!
The earth elemental is heavily damaged.
You scratch the earth elemental.
The earth elemental is heavily damaged.
The earth elemental misses you.
You feel better.
You scratch the earth elemental but do no damage.
The earth elemental is heavily damaged.
The earth elemental hits you!!!
You die...

__#___#__#
).#__)#)_#
#'#'###'##
.........#
⌠........#
..######'#
⌠.#__#...#+#######
..#__#...#..~~~'.#
###__#...#.#§§§#@#
..#__#...'.#.§§#E#
__#__'...#.#§§§#..
▓▓▓▓▓▓▓▓▓▓▓▓▓▓▓▓▓▓▓


You could see an earth elemental.

Vanquished Creatures
  Snorg (D)
  A deep elf pyromancer (D)
  A shadow (D)
  A spatial vortex (D)
  A necrophage (D)
  A water elemental (D)
  Crazy Yiuf (D)
  A jelly (D)
  A wizard (D)
  A necromancer (D)
  3 humans (D)
  A kobold demonologist (D)
  4 rats (D)
18 creatures vanquished.

Notes
Turn   | Place    | Note
-------+----------+-------------------------------------------
     0 | D        | Groucho the Troll Monk began the quest for the Orb.
     0 | D        | Reached XP level 1. HP: 22/22 MP: 0/0
    51 | D        | Reached skill level 1 in Armour
    51 | D        | Reached skill level 4 in Unarmed Combat
    51 | D        | Reached XP level 2. HP: 29/31 MP: 1/1
   286 | D        | Noticed Crazy Yiuf
   293 | D        | Killed Crazy Yiuf
   294 | D        | Reached XP level 3. HP: 18/39 MP: 2/2
   558 | D        | Noticed a water elemental
   565 | D        | Killed a water elemental
   566 | D        | Reached skill level 5 in Unarmed Combat
   566 | D        | Reached XP level 4. HP: 25/49 MP: 3/3
   758 | D        | Found a radiant altar of Vehumet.
   758 | D        | Noticed a wizard
   760 | D        | Killed a wizard
   767 | D        | Reached XP level 5. HP: 55/55 MP: 4/4
   767 | D        | Found a shimmering blue altar of Sif Muna.
   767 | D        | Found an ancient bone altar of Kikubaaqudgha.
   786 | D        | Found a shadowy altar of Dithmenos.
   791 | D        | Reached skill level 5 in Fighting
   791 | D        | Reached skill level 5 in Dodging
   791 | D        | Reached skill level 6 in Unarmed Combat
   791 | D        | Found a basalt altar of Yredelemnul.
   791 | D        | Found a sacrificial altar of Ru.
   796 | D        | Found a hide-covered altar of Uskayaw.
   796 | D        | Found an iron altar of Okawaru.
   797 | D        | Found a bloodstained altar of Trog.
   797 | D        | Found an ornate altar of the Wu Jian Council.
   797 | D        | Noticed a human
   797 | D        | Noticed a human
   802 | D        | Killed a human
   803 | D        | Reached skill level 5 in Armour
   803 | D        | Reached skill level 7 in Unarmed Combat
   803 | D        | Reached XP level 6. HP: 66/67 MP: 5/5
   810 | D        | Killed a human
   811 | D        | Reached skill level 8 in Unarmed Combat
  1105 | D        | Found a glowing silver altar of Zin.
  1106 | D        | Found a glowing golden altar of the Shining One.
  1106 | D        | Found a white marble altar of Elyvilon.
  1106 | D        | Noticed a deep elf pyromancer
  1108 | D        | Noticed a fire elemental
  1111 | D        | Killed a deep elf pyromancer
  1112 | D        | Reached skill level 9 in Unarmed Combat
  1112 | D        | Reached XP level 7. HP: 67/79 MP: 6/6
  1130 | D        | Reached XP level 8. HP: 85/88 MP: 7/7
  1471 | D        | Found a blossoming altar of Fedhas.
  1471 | D        | Found a stormy altar of Qazlal.
  1472 | D        | Found a snail-covered altar of Cheibriados.
  1472 | D        | Found a burning altar of Makhleb.
  1472 | D        | Found a hazy altar of Hepliaklqana.
  1472 | D        | Found a shimmering altar of Xom.
  1472 | D        | Found an opulent altar of Gozag.
  1472 | D        | Found a sparkling altar of Nemelex Xobeh.
  1472 | D        | Found a corrupted altar of Lugonu.
  1472 | D        | Found a viscous altar of Jiyva.
  1483 | D        | Became a worshipper of Qazlal Stormbringer
  1483 | D        | Reached * piety under Qazlal
  1483 | D        | Reached ** piety under Qazlal
  1495 | D        | Noticed Snorg
  1504 | D        | Killed Snorg
  1505 | D        | Reached skill level 10 in Unarmed Combat
  1561 | D        | Mangled by an earth elemental

Illustrated notes

Levels and vault maps discovered:
D:        dungeon_sprint_mu [sprint_mu_entry_forest, sprint_mu_temple_rooms,
          sprint_mu_d1_horrors, sprint_mu_d2_genie, sprint_mu_d3_branching,
          sprint_mu_orc_legion, sprint_mu_elf_gauntlet, sprint_mu_hive_nellie,
          sprint_mu_lair_fedhas, sprint_mu_vaults_butterflies,
          sprint_mu_slime_circle, sprint_mu_swamp_cave, sprint_mu_shoals_kraken,
          sprint_mu_blade_basic, sprint_mu_crypt_fortress,
          sprint_mu_tomb_spiral, sprint_mu_vestibule_basic,
          sprint_mu_gehenna_hellfire, sprint_mu_dis_giant,
          sprint_mu_tartarus_statrot, sprint_mu_cocytus_islands, sprint_mu_zot1]

Skill      XL: |  1  2  3  4  5  6  7  8 |
---------------+-------------------------+-----
Fighting       | 3 4 6 7 8 |  8.8
Armour         | 1 2 3 5 7 8 |  8.3
Dodging        | 3 4 6 7 8 |  8.8
Unarmed Combat | 4 5 7 9 10 | 10.5
Invocations    | 3 |  3.1

Action                     |  1- 3 |  4- 6 |  7- 9 || total
---------------------------+-------+-------+-------++-------
  Melee: Unarmed           |    19 |    29 |    31 ||    79
 Invoke: Upheaval          |       |       |     1 ||     1
    Use: Potion            |     1 |     1 |     1 ||     3
 Armour: Robe              |     2 |     3 |     1 ||     6
  Dodge: Dodged            |     9 |    11 |    14 ||    34
  Block: Orb               |       |       |     2 ||     2
